 Dungeon Crawl Stone Soup version 0.26-b1-32-g5d43845318 (webtiles) character file.

Game seed: 10759593111654824584

169 Goblin1989 the Covered (level 5, -3/32 HPs)
             Began as a Tengu Fighter on Jan 9, 2021.
             Killed by nerve-wracking pain
             ... invoked by an orc priest
              (8 damage)
             ... on level 3 of the Dungeon.
             The game lasted 00:03:11 (2479 turns).

Goblin1989 the Covered (Tengu Fighter)              Turns: 2479, Time: 00:03:12

Health: -3/32      AC:  7    Str: 17    XL:     5   Next: 50%
Magic:  6/6        EV:  7    Int:  8    God:
Gold:   167        SH:  9    Dex: 14    Spells: 4/4 levels left

rFire    . . .     SeeInvis .   a - +0 long sword
rCold    . . .     Faith    .   c - +0 kite shield
rNeg     . . .     Spirit   .   b - +0 scale mail
rPois    .         Reflect  .   (helmet restricted)
rElec    .         Harm     .   (no cloak)
rCorr    .         Rampage  .   (no gloves)
Will     .....                  (boots unavailable)
Stlth    ..........             (no amulet)
HPRegen  0.10/turn              (no ring)
MPRegen  0.10/turn              (no ring)

@: no status effects
A: beak, talons 3, able to fly
a: Fly


You were on level 3 of the Dungeon.
You visited 1 branch of the dungeon, and saw 3 of its levels.

You collected 167 gold pieces.

Inventory:

Hand Weapons
 a - a +0 long sword (weapon)
Missiles
 h - 5 javelins (quivered) {@Q2}
 j - 8 curare-tipped darts
 n - 7 boomerangs
Armour
 b - a +0 scale mail (worn)
 c - a +0 kite shield (worn)
 t - a +1 pair of gloves
Jewellery
 k - a +6 ring of strength {unknown}
Scrolls
 e - 2 scrolls of fog {unknown}
 f - 2 scrolls of remove curse {unknown}
 l - 2 scrolls of identify {unknown}
 o - 2 scrolls of teleportation {unknown}
 p - 2 scrolls of fear {unknown}
 r - 2 scrolls of immolation {unknown}
 s - a scroll of amnesia {unknown}
Potions
 d - 2 potions of might {@q4}
 g - a potion of heal wounds {unknown}
 i - a potion of degeneration {unknown}
 m - 2 potions of curing {unknown}
 q - a potion of brilliance {unknown}


   Skills:
 + Level 3.6 Fighting
 * Level 3.9 Long Blades
 + Level 1.4 Throwing
 + Level 4.1 Armour
 + Level 3.7 Shields


You had 4 spell levels left.
You didn't know any spells.
Your spell library was empty.

Dungeon Overview and Level Annotations

Branches:
Dungeon (3/15)

Altars:
Okawaru
Uskayaw
Wu Jian
The Shining One


Innate Abilities, Weirdness & Mutations

You have a beak for a mouth.
You have claws for feet.
You can fly continuously.


Message History

You hit the bat.
You kill the bat!
You hear a shout!
An orc comes into view. It is wielding a +0 whip.
An orc wizard comes into view. It is wielding a -1 dagger.
The orc wizard shouts!
The orc wizard gestures at itself while chanting.
The orc wizard flickers and vanishes!
Deactivating autopickup; reactivate with Ctrl-A.
The orc wizard gestures wildly while chanting.
The orc wizard blinks!
You hear a shout!
An orc priest comes into view.
The orc priest shouts!
The orc wizard mumbles some strange words.
The orc wizard blinks!
You hit the orc. Your peck misses the orc.
The orc is moderately wounded.
The orc hits you with a +0 flail.
You take 2 damage, and have 30/32 hp.
You completely miss the orc. You claw the orc. You peck the orc.
You kill the orc!
The orc hits you but does no damage.
You hit the orc but do no damage. Your kick misses the orc.
Your peck misses the orc. You block the orc's attack.
You closely miss the orc. You block the orc's attack.
You block something's attack. The orc wizard casts a spell at you.
The magic dart hits something.
The orc hits you but does no damage.
You hit the orc.
The orc is moderately wounded.
You hear some strange, mumbled words.
A magic dart appears from out of thin air!
The magic dart hits you. You block something's attack.
You take 2 damage, and have 28/32 hp.
You hit the orc wizard. Your peck misses the orc wizard.
The orc wizard is moderately wounded.
The orc wizard mumbles some strange words.
The orc wizard seems to speed up.
Something hits you but does no damage.
You miss the orc wizard.
The orc wizard is moderately wounded.
The orc wizard barely misses you.
The orc priest hits you but does no damage.
The orc hits you with a +0 whip.
You hear some strange, mumbled words.
Something tries to affect you, but you resist.
You block the orc wizard's attack. The orc priest hits you.
The orc hits you but does no damage.
You take 5 damage, and have 23/32 hp.
You hit the orc wizard but do no damage.
You claw the orc wizard.
The orc wizard is heavily wounded.
The orc wizard points at you and mumbles some strange words.
The magic dart hits you. Something hits you but does no damage.
The orc priest calls down the wrath of Beogh upon you.
You barely resist. The orc barely misses you.
You riposte.
You slash the orc!
You kill the orc!
The orc wizard mumbles some strange words.
The orc wizard blinks!
You take 1 damage, and have 22/32 hp.
You hit the orc priest but do no damage.
You claw the orc priest. You peck the orc priest.
The orc priest is heavily wounded.
You hear some strange, mumbled words.
Something tries to affect you, but you resist.
The orc priest begins to cast a cantrip, but forgets the words!
You hear some strange, mumbled words.
A magic dart appears from out of thin air!
The magic dart hits you.
You take 5 damage, and have 17/32 hp.
You are too injured to fight recklessly!
You are too injured to fight recklessly!
You are too injured to fight recklessly!
You are too injured to fight recklessly!
You are too injured to fight recklessly!
You are too injured to fight recklessly!
You are too injured to fight recklessly!
You are too injured to fight recklessly!
You are too injured to fight recklessly!
You are too injured to fight recklessly!
You are too injured to fight recklessly!
You are too injured to fight recklessly!
You are too injured to fight recklessly!
You are too injured to fight recklessly!
You are too injured to fight recklessly!
You are too injured to fight recklessly!
You are too injured to fight recklessly!
You are too injured to fight recklessly!
The orc priest invokes the aid of Beogh against you.
Beogh smites you!
* * * LOW HITPOINT WARNING * * *
You hear some strange, mumbled words.
A puff of flame appears from out of thin air!
You block the puff of flame.
You take 12 damage, and have 5/32 hp.
MASSIVE DAMAGE!!
The orc wizard mumbles some strange words.
The orc wizard blinks!
The orc priest calls down the wrath of Beogh upon you.
Pain shoots through your body!
You die... █. █........█ █. █........█ █. █........█ ██████████

█........█ █........█
█......o.█ █........█
█...§....█ █........█
...█....†...███████........█
...∆..).{o.@......∆........∆
...███)..██████████........█
█...█..........██.....█
█...█..........████████
█████..........████████
▲..................
█████████..........████....
........█..........█ █...)
█.................█ █....


You could see an orc priest and an orc wizard (fast).

Vanquished Creatures
  9 adders
  2 worms
  2 dart slugs (D:1)
  5 orcs (D:3)
  A ball python (D:1)
  2 giant cockroaches
  8 goblins
  8 hobgoblins
  2 quokkas
  11 bats
  5 frilled lizards
  12 kobolds
  12 rats
79 creatures vanquished.

Notes
Turn   | Place    | Note
-------+----------+-------------------------------------------
     0 | D:1      | Goblin1989 the Tengu Fighter began the quest for the Orb.
     0 | D:1      | Reached XP level 1. HP: 14/14 MP: 2/2
   220 | D:1      | Reached XP level 2. HP: 17/19 MP: 3/3
   503 | D:1      | Reached XP level 3. HP: 22/23 MP: 4/4
  1171 | D:2      | Reached XP level 4. HP: 28/28 MP: 5/5
  1260 | D:2      | You fall into a shaft and drop 1 floor!
  1262 | D:3      | Reached skill level 1 in Throwing
  1487 | D:3      | Reached skill level 4 in Armour
  1518 | D:2      | Found a hide-covered altar of Uskayaw.
  1521 | D:2      | Gained mutation: You can fly continuously. [Tengu growth]
  1521 | D:2      | Reached XP level 5. HP: 24/32 MP: 6/6
  2131 | D:3      | Found a glowing golden altar of the Shining One.
  2131 | D:3      | Found an ornate altar of the Wu Jian Council.
  2132 | D:3      | Found an iron altar of Okawaru.
  2479 | D:3      | Killed from afar by an orc priest

Illustrated notes

Levels and vault maps discovered:
D:1:      dpeg_arrival_houses_and_road, layout_basic, minivault_14,
          minmay_split_cup_small
D:2:      layout_basic, eat_drink_and_be_merry_uskayaw
D:3:      layout_basic, gammafunk_temple_overflow_claw, minmay_between

Skill      XL: |  1  2  3  4 |
---------------+-------------+-----
Long Blades    | 3 |  3.9
Throwing       | 1 |  1.4
Armour         | 4 |  4.1
Fighting       | |  3.6
Shields        | |  3.7

Action                   |  1- 3 |  4- 6 || total
-------------------------+-------+-------++-------
Melee: Long sword        |    89 |   105 ||   194
       Peck              |     9 |    17 ||    26
       Kick              |    22 |    29 ||    51
Armor: Scale mail        |    45 |    55 ||   100
Dodge: Dodged            |    26 |    27 ||    53
Block: Kite shield       |    51 |    52 ||   103
       Rpst.: Long sword |     5 |     7 ||    12
